 Dungeon Crawl Stone Soup version 0.21-a0-417-g0adc95b (webtiles) character file.

473 trolface1997 the Grave Robber (level 6, -4/47 HPs)
             Began as a Vampire Necromancer on Nov 3, 2017.
             Slain by p0werm0de's ghost (6 damage)
             ... on level 4 of the Dungeon.
             The game lasted 00:41:54 (6672 turns).

trolface1997 the Grave Robber (Vampire Necromancer) Turns: 6672, Time: 00:41:55

Health: -4/47      AC:  4    Str:  7    XL:     6   Next: 83%
Magic:  6/11       EV: 13    Int: 19    God:
Gold:   217        SH:  0    Dex: 18    Spells: 6/11 levels left

rFire    x . .     SeeInvis +   j - +1 spear
rCold    + . .     Gourm    .   (no shield)
rNeg     + . .     Faith    .   a - +0 robe
rPois    .         Spirit   .   (no helmet)
rElec    .         Reflect  .   (no cloak)
rCorr    .         Harm     .   w - +1 pair of gloves
MR       .....                  (no boots)
Stlth    ++........             (no amulet)
HPRegen  0.15/turn              k - ring of ice
MPRegen  0.12/turn              C - +3 ring of dexterity

@: no status effects
A: fangs 3, see invisible, unbreathing
a: Bat Form


You were on level 4 of the Dungeon.
You were not thirsty.

You visited 1 branch of the dungeon, and saw 5 of its levels.

You collected 217 gold pieces.

Inventory:

Hand Weapons
 e - a +0 short sword
 j - a +1 spear (weapon)
 v - a +0 trident
 B - a +0 halberd
Missiles
 f - 86 stones (quivered)
Armour
 a - a +0 robe (worn)
 i - a +0 leather armour
 l - a +0 scale mail
 n - a cursed +0 ring mail
 w - a +1 pair of gloves (worn)
Jewellery
 k - a ring of ice (left hand)
 s - an uncursed ring of resist corrosion
 u - an uncursed ring of see invisible
 C - a +3 ring of dexterity (right hand)
Wands
 x - a wand of iceblast (3/15)
 y - a wand of digging (11/24)
Scrolls
 g - a scroll of enchant armour
 m - a scroll of recharging
 o - a scroll of identify
 r - 2 scrolls of fog
 t - a scroll of teleportation
 A - a scroll of enchant weapon
Potions
 c - 2 potions of blood
 d - a potion of berserk rage {unknown}
 h - a potion of might {unknown}
 p - a potion of ambrosia {unknown}
 D - a potion of haste {unknown}
Books
 b - a book of Necromancy

   Spells                             Type                      Level
   a - Pain                           Necromancy                   1
   b - Animate Skeleton               Necromancy                   1
   c - Vampiric Draining              Necromancy                   3
   d - Regeneration                   Charms/Necromancy            3
   e - Animate Dead                   Necromancy                   4
   f - Control Undead                 Necromancy                   4
 q - a book of Misfortune

   Spells                             Type                      Level
   a - Confusing Touch                Hexes                        1
   b - Confuse                        Hexes                        3
   c - Gell's Gravitas                Translocation                3
   d - Petrify                        Transmutation/Earth          4
   e - Metabolic Englaciation         Hexes/Ice                    5
   f - Yara's Violent Unravelling     Hexes/Transmutation          5


   Skills:
 - Level 3.0 Fighting
 + Level 1.2 Polearms
 + Level 2.7 Armour
 - Level 2.1 Dodging
 + Level 3.0 Stealth
 + Level 3.3 Spellcasting
 + Level 5.8 Necromancy


You had 6 spell levels left.
You knew the following spells:

 Your Spells              Type           Power        Failure   Level  Hunger
a - Pain                  Necr           ####         1%          1    None
b - Animate Skeleton      Necr           N/A          1%          1    None
c - Regeneration          Chrm/Necr      ##........   13%         3    ###....


Dungeon Overview and Level Annotations

Branches:
Dungeon (5/15)
 Temple: D:4-7

Altars:
Cheibriados
Fedhas
Makhleb
Xom

Annotations:
D:4 p0werm0de's ghost, amateur GrCK


Innate Abilities, Weirdness & Mutations

You have razor-sharp teeth.
You have supernaturally acute eyesight. (SInv)
You can survive without breathing.


Message History

Press: ? - help, Shift-Dir - straight line, f - p0werm0de's ghost
Aim: p0werm0de's ghost, wielding a weapon of chaos (lightly damaged) That beam is likely to hit you.
Continue anyway? [Y]es or [N]o only, please.
That beam is likely to hit you.
Continue anyway?
Okay, then.
You see here 7 needles of sleeping.
You barely miss p0werm0de's ghost.
You bite p0werm0de's ghost, but do no damage.
P0werm0de's ghost is lightly damaged.
You barely miss p0werm0de's ghost.
P0werm0de's ghost is lightly damaged.
P0werm0de's ghost hits you!
You are electrocuted!
* * * LOW HITPOINT WARNING * * *
P0werm0de's ghost hits you!
* * * LOW HITPOINT WARNING * * *
You feel your power leaking away.
Unknown command.
P0werm0de's ghost hits you.
You die...

.PPP..≈≈≈≈≈..P#P.
#...## ##.#
#PPPP........PP#
####.###%##
.P#.#P.#.#PP#PPP#
##.#.##
.###.#P#.#PPPPP#PP
##..# #
#####.####### #
##.# #.##.#
##########.#
#....#
#..........# .
####.#
###.##########
...#####.# #.@...#
#......###W###.#
#.........(# .#
#.######...###.#
.. #.......#
#..._..## #...8..#
#..._..# #......#


You could see p0werm0de's ghost.

Vanquished Creatures
  2 ogres
  Blork the orc (D:4)
  A hound (D:2)
  Terence (D:2)
  2 adders
  5 gnolls
  2 oozes
  A worm (D:2)
  2 dart slugs (D:1)
  3 leopard geckos
  An orc (D:4)
  5 giant cockroaches
  5 goblins
  9 hobgoblins
  A jackal (D:2)
  7 kobolds
  3 quokkas
  2 ball pythons
  7 bats
  2 frilled lizards
  A leopard gecko skeleton (D:4)
  6 rats
69 creatures vanquished.

Vanquished Creatures (collateral kills)
  An iguana (D:4)
  2 gnolls (D:2)
  2 goblins
  A hobgoblin (D:2)
  2 rats
8 creatures vanquished.

Vanquished Creatures (others)
  A fungus (D:4)
1 creature vanquished.

Grand Total: 78 creatures vanquished

Notes
Turn   | Place    | Note
-------+----------+-------------------------------------------
     0 | D:1      | trolface1997 the Vampire Necromancer began the quest for the Orb.
     0 | D:1      | Reached XP level 1. HP: 13/13 MP: 3/3
     3 | D:1      | Learned a level 1 spell: Animate Skeleton
   205 | D:1      | Reached XP level 2. HP: 18/20 MP: 1/5
   497 | D:1      | Reached skill level 1 in Fighting
   885 | D:1      | Reached skill level 1 in Armour
  1058 | D:1      | Reached XP level 3. HP: 25/26 MP: 3/6
  1219 | D:1      | Learned a level 3 spell: Regeneration
  1820 | D:2      | Noticed Terence
  1832 | D:2      | Killed Terence
  1832 | D:2      | Reached skill level 5 in Necromancy
  1883 | D:3      | Noticed an ogre
  1891 | D:2      | Reached XP level 4. HP: 30/33 MP: 4/7
  2775 | D:2      | Found a burning altar of Makhleb.
  2871 | D:2      | Reached XP level 5. HP: 15/38 MP: 4/8
  4060 | D:1      | Killed an ogre
  4555 | D:2      | Reached XP level 6. HP: 16/46 MP: 6/10
  6095 | D:4      | Noticed Blork the orc
  6120 | D:4      | Killed Blork the orc
  6120 | D:4      | Reached skill level 1 in Polearms
  6359 | D:5      | Entered Level 5 of the Dungeon
  6359 | D:5      | Noticed a sky beast
  6576 | D:4      | Found a shimmering altar of Xom.
  6576 | D:4      | Found a snail-covered altar of Cheibriados.
  6621 | D:4      | Found a blossoming altar of Fedhas.
  6638 | D:4      | Noticed p0werm0de's ghost (amateur GrCK)
  6670 | D:4      | HP: 2/47 [p0werm0de's ghost (9)]
  6672 | D:4      | Slain by p0werm0de's ghost

Vault maps used:
D:1:      onia_arrival_mini_spirals, minmay_pentomino_r4
D:2:      makhleb_heckhound_becter, uniq_terence
D:3:      minmay_door_path, due_unseen_surprise
D:4:      chequers_temple_overflow_statue_of_worship, tgw_fedhas, tgw_trog,
          first_bread, uniq_blork_the_orc
D:5:      zin_purify, nicolae_overflow_hidden_temple, serial_shops, shop

Skill      XL: |  1  2  3  4  5  6 |
---------------+-------------------+-----
Fighting       | 1 2 3 |  3.0
Armour         | 1 2 |  2.7
Necromancy     | 5 |  5.8
Spellcasting   | 3 |  3.3
Polearms       | 1 |  1.2
Dodging        | |  2.1
Stealth        | |  3.0

Action                   |  1- 3 |  4- 6 || total
-------------------------+-------+-------++-------
Melee: Short sword       |    14 |    25 ||    39
       Bite              |     1 |     4 ||     5
       Spear             |       |    53 ||    53
 Cast: Pain              |    56 |    92 ||   148
       Animate Skeleton  |     5 |     8 ||    13
       Regeneration      |       |     4 ||     4
 Abil: End Transformatio |       |     1 ||     1
       Bat Form          |       |     1 ||     1
Evoke: Wand              |       |     3 ||     3
  Use: Potion            |     1 |     9 ||    10
       Scroll            |       |    11 ||    11
  Eat: Corpse            |     2 |     7 ||     9
Armor: Robe              |     7 |     3 ||    10
Dodge: Dodged            |    22 |    77 ||    99

Table legend:
 A = Spawn XP
 B = Non-spawn XP
 C = Spawn XP percentage of total XP
 D = Spawn monster count
 E = Non-spawn monster count
 F = Spawn count percentage of total count
 G = Total turns spent on level
                    A         B        C        D         E        F      G
               +---------+---------+-------+---------+---------+-------+---------
         Total |       0 |     676 |   0.0 |       0 |      77 |   0.0 |  6672
               +---------+---------+-------+---------+---------+-------+---------
           D:1 |       0 |     191 |   0.0 |       0 |      30 |   0.0 |  2965
           D:2 |       0 |     209 |   0.0 |       0 |      29 |   0.0 |  2223
           D:3 |       0 |      30 |   0.0 |       0 |      10 |   0.0 |   885
           D:4 |       0 |     246 |   0.0 |       0 |       8 |   0.0 |   597
               +---------+---------+-------+---------+---------+-------+---------
